 Dungeon Crawl Stone Soup version 0.29-a0-542-g075992c915 (webtiles) character file.

Game seed: 14068708605787901890

196 brmiller01 the Skirmisher (level 5, 0/59 HPs)
             Began as an Ogre Cinder Acolyte on June 4, 2022.
             Was a High Priest of Ignis.
             Slain by Sigmund
             ... wielding a +2 scythe of venom
              (1 damage)
             ... on level 3 of the Dungeon.
             The game lasted 00:07:11 (2892 turns).

brmiller01 the Skirmisher (Ogre Cinder Acolyte)     Turns: 2892, Time: 00:07:12

Health: 0/59       AC:  5    Str: 18    XL:     5   Next: 75%
Magic:  0/7        EV:  9    Int: 24    God:    Ignis [*****.]
Gold:   193        SH:  0    Dex:  4    Spells: 6/6 levels left

rFire   + . .      SeeInvis .   k - +5 short sword of the Heavens {elec, rC+ Int+7 Stlth+}
rCold   + . .      Faith    .   (no shield)
rNeg    . . .      Spirit   +   b - +0 robe
rPois   .          Reflect  .   (helmet restricted)
rElec   .          Harm     .   n - +1 cloak
rCorr   .          Rampage  .   (gloves unavailable)
Will    .....                   (boots unavailable)
Stlth   ++........              d - amulet of guardian spirit
HPRegen 0.19/turn               (no ring)
MPRegen 0.10/turn               (no ring)

@: lethally poisoned (0 -> -22)
A: large, unfitting armour, tough skin 1
a: Renounce Religion, Fiery Armour, Foxfire Swarm, Rising Flame


You were on level 3 of the Dungeon.
You worshipped Ignis.
Ignis was extremely pleased with you.
You visited 1 branch of the dungeon, and saw 3 of its levels.

You collected 193 gold pieces.

Inventory:

Hand Weapons
 a - a -1 hand axe of flaming
 k - the +5 short sword of the Heavens (weapon) {elec, rC+ Int+7 Stlth+}
   (You found it on level 2 of the Dungeon)

   It occasionally discharges a powerful burst of electricity upon striking a
   foe.
   Int:       It affects your intelligence (+7).
   rC:        It protects you from cold.
   Stlth:     It makes you more stealthy.
Missiles
 h - 133 stones (quivered)
 r - 6 poisoned darts
 s - 3 boomerangs
Armour
 b - a +0 robe (worn)
 n - a +1 cloak (worn)
Jewellery
 d - an amulet of guardian spirit (around neck)
 l - an amulet of reflection
 t - an amulet of the acrobat
Wands
 q - a wand of flame (43)
Scrolls
 e - a scroll of enchant armour {unknown}
 g - a scroll of noise {unknown}
 i - a scroll of vulnerability {unknown}
 o - a scroll of enchant weapon {unknown}
 p - 5 scrolls of identify {unknown}
 u - a scroll of poison {unknown}
 v - a scroll of fog {unknown}
Potions
 c - a potion of curing
 f - a potion of mutation {unknown}
 j - 2 potions of heal wounds {unknown}
 m - 3 potions of brilliance {unknown}
 w - a potion of haste {unknown}


   Skills:
 + Level 5.7 Fighting
 * Level 3.4 Short Blades
 - Level 3.4 Axes
 - Level 1.3 Spellcasting
 - Level 2.7 Fire Magic


You had 6 spell levels left.
You didn't know any spells.
Your spell library contained the following spells:

 Spells                   Type           Power      Damage    Failure   Level
 Scorch                   Fire           28%        2d6       6%          2
 Foxfire                  Conj/Fire      32%        2x1d5     8%          1
 Conjure Flame            Conj/Fire      8%         6-21      22%         3
 Inner Flame              Hex/Fire       8%         N/A       22%         3
 Flame Wave               Conj/Fire      8%         2d5       58%         4
 Summon Lightning Spire   Summ/Air       1%         N/A       77%         4
 Summon Forest            Summ/Tloc      0%         N/A       98%         5
 Summon Mana Viper        Hex/Summ       1%         N/A       98%         5
 Summon Cactus Giant      Summ           0%         N/A       100%        6
 Storm Form               Tmut/Air       0%         N/A       100%        7
 Maxwell's Capacitive Co  Air            0%         ∞         100%        8


Dungeon Overview and Level Annotations

Branches:
Dungeon (3/15)

Altars:

Shops:
D:1 !=

Annotations:
D:3 Sigmund


Innate Abilities, Weirdness & Mutations

You are too large for most types of armour.
You have tough skin. (AC +1)


Message History

You are more poisoned.
You feel very sick. The bat closely misses you. The bat hits you.
Sigmund hits you but does no damage.
You are more poisoned.
You hit the bat.
The bat is heavily wounded.
You feel very sick. The bat hits you but does no damage.
The hobgoblin attacks as you move away!
The hobgoblin hits you but does no damage.
You feel very sick. The bat hits you but does no damage.
Things that are here:
a +0 club; an orc corpse You bump into the rock wall.
You feel very sick. The bat hits you but does no damage.
The hobgoblin hits you but does no damage.
Sigmund gestures wildly while chanting.
Sigmund flickers and vanishes!
Deactivating autopickup; reactivate with Ctrl-A.
The bat barely misses you.
You miss the bat.
The bat is heavily wounded.
You feel very sick. The bat hits you but does no damage. x2
The hobgoblin hits you but does no damage.
Something hits you!
* * * LOW HITPOINT WARNING * * *
You are more poisoned.
The bat barely misses you.
You closely miss the bat.
The bat is heavily wounded.
You feel less confused.
* * * LOW HITPOINT WARNING * * *
You feel very sick. The bat misses you. The hobgoblin hits you.
* * * LOW HITPOINT WARNING * * *
Something hits you.
You die...

#. (#.# . #. .#.# ..
..###... ..? .....#
.♣.. #...# ###
.....###$..#...
...♣.......#.#
>......{g....#
...♣..###@.#### ....
#.b# . .♣.. #..#.#
......###..#.#
.............#######
# #...###..###... .#
##.......###.# .#
#.#####.....# .# .#
#####.###.#


You could see a hobgoblin and a bat.

Vanquished Creatures
  An ice beast (D:3)
  Ijyb (D:3)
  3 adders
  A dart slug (D:3)
  3 orcs (D:3)
  4 bats
  An endoplasm (D:3)
  A giant cockroach (D:3)
  5 goblins
  4 hobgoblins
  4 jackals (D:3)
  4 quokkas
  6 ball pythons
  2 frilled lizards (D:1)
  9 kobolds
  A rat (D:1)
50 creatures vanquished.

Notes
Turn   | Place    | Note
-------+----------+-------------------------------------------
     0 | D:1      | brmiller01 the Ogre Cinder Acolyte began the quest for the
                  | Orb.
     0 | D:1      | Reached XP level 1. HP: 24/24 MP: 2/2
   319 | D:1      | Reached XP level 2. HP: 31/32 MP: 4/4
   475 | D:1      | Found Foplut's Armour Shop.
   579 | D:1      | Found Zanisuo's Jewellery Boutique.
   596 | D:1      | Found Kantea's Distillery.
   739 | D:1      | Found a faded altar of an unknown god.
  1147 | D:2      | Identified the +5 short sword of the Heavens {elec, rC+
                  | Int+7 Stlth+}
  1612 | D:2      | Reached skill level 1 in Short Blades
  1612 | D:2      | Reached XP level 3. HP: 40/40 MP: 5/5
  2072 | D:3      | Noticed Ijyb
  2091 | D:3      | Killed Ijyb
  2092 | D:3      | Reached XP level 4. HP: 27/49 MP: 3/6
  2374 | D:3      | Reached skill level 5 in Fighting
  2664 | D:3      | Noticed an ice beast
  2682 | D:3      | Killed an ice beast
  2683 | D:3      | Reached XP level 5. HP: 46/59 MP: 5/7
  2880 | D:3      | Noticed Sigmund
  2892 | D:3      | HP: 2/59 [poisoned by Sigmund]
  2892 | D:3      | Slain by Sigmund

Illustrated notes

Levels and vault maps discovered:
D:1:      dpeg_arrival_court, layout_loops_ring,
          shapermc_ecumenical_altar_totnotflames, serial_shops, shop,
          nicolae_shop_statue_plus, shop
D:2:      layout_loops_corners, eino_curves_01, serial_bayou_ford_a,
          minmay_tromino_v4_b
D:3:      layout_loops_ring, minmay_misc_feat_columns, grunt_ministairs_9,
          kennysheep_nub, minmay_joined_circles, uniq_ijyb, uniq_sigmund,
          uniq_natasha

Skill      XL: |  1  2  3  4 |
---------------+-------------+-----
Short Blades   | 1 3 |  3.4
Fighting       | 5 |  5.7
Axes           | |  3.4
Spellcasting   | |  1.3
Fire Magic     | |  2.7

Action                   |  1- 3 |  4- 6 || total
-------------------------+-------+-------++-------
Melee: Hand axe          |    64 |       ||    64
       Short sword       |    35 |    89 ||   124
  Use: Scroll            |     1 |       ||     1
 Stab: Sleeping          |     2 |       ||     2
Armor: Robe              |    34 |    43 ||    77
Dodge: Dodged            |    71 |    39 ||   110

Table legend: (Time is in decaauts)
 A = Elapsed time spent in this place.
 B = Non-inter-level travel time spent in this place.
 C = Inter-level travel time spent in this place.
 D = Time resting spent in this place.
 E = Time spent auto-exploring this place.
 F = Levels seen in this place.
 G = Mean time per level.
                   A        B        C        D        E       F      G
               +--------+--------+--------+--------+--------+-----+--------+
         Total |   2907 |   2856 |     51 |    135 |   2256 |   3 |  969.0 |
       Dungeon |   2907 |   2856 |     51 |    135 |   2256 |   3 |  969.0 |
               +--------+--------+--------+--------+--------+-----+--------+

Top non-repeatable levels by time:
     D:1: 1126 daAuts
     D:2: 940 daAuts
     D:3: 841 daAuts
